 Dungeon Sprint DCSS version 0.16-a0-262-g6fc725f (webtiles) character file.

3558 BluebellGnoll the Frost Mage (level 10, 42/56 HPs)
             Began as an Octopode Ice Elementalist on Aug 25, 2014.
             Was the Champion of Sif Muna.
             Quit the game in the Dungeon (Sprint IX: "|||||||||||||||||||||||||||||").
             The game lasted 00:16:44 (1687 turns).

BluebellGnoll the Frost Mage (OpIE)                 Turns: 1687, Time: 00:16:44

HP  42/56        AC  3     Str  8      XL: 10   Next:  9%
MP  19/29        EV 14     Int 21      God: Sif Muna [******]
Gold 0           SH  0     Dex 12      Spells:  9 memorised,  4 levels left

rFire  . . .     SeeInvis .     l - +2 scimitar (holy)
rCold  . . .     Clarity  .     (no shield)
rNeg   . . .     rCorr    .     (helmet restricted)
rPois  .         rRot     .     (no amulet)
rElec  .         Spirit   .     m - +2 ring of protection
SustAb .         Warding  .     n - +2 ring of evasion
rMut   .         NoTele   +     (no ring)
Gourm  .                        (no ring)
MR     .....                    (no ring)
                                (no ring)
                                (no ring)
                                (no ring)

@: starving, not resistant to hostile enchantments, fairly stealthy
A: almost no armour, amphibious, 8 rings, constrict 8, camouflage 1, gelatinous
body 1
a: Channel Energy, Forget Spell, Renounce Religion


You were in the Dungeon.
You worshipped Sif Muna.
Sif Muna was exalted by your worship.
You were starving.

You visited 1 branch

Inventory:

Hand weapons
 a - a +0 club
 l - a +2 scimitar of holy wrath (weapon)
Magical devices
 k - a wand of cold (3)
Scrolls
 h - 3 scrolls of remove curse
 i - 2 scrolls of blinking
 j - 2 scrolls of amnesia
 s - a scroll of vulnerability
 t - a scroll of magic mapping
 u - 2 scrolls of fog
 v - a scroll of recharging
 w - 2 scrolls of enchant armour
Jewellery
 m - a +2 ring of protection (left tentacle)
 n - a +2 ring of evasion (right tentacle)
Potions
 c - a potion of berserk rage
 d - 5 potions of curing
 e - 5 potions of heal wounds
 f - a potion of invisibility
 g - 3 potions of magic
 q - a potion of haste
 r - a potion of agility
Books
 b - a book of Frost

   Spells                             Type                      Level
   *Freeze                            Ice                          1
   *Throw Frost                       Conjuration/Ice              2
   *Ozocubu's Armour                  Charms/Ice                   3
   *Throw Icicle                      Conjuration/Ice              4
   *Summon Ice Beast                  Ice/Summoning                4
   *Condensation Shield               Ice                          4
 o - Sif Muna's Guide on Flamy Arcane Weapons
   (Sif Muna gifted it to you in the Dungeon)

   Spells                             Type                      Level
   *Flame Tongue                      Conjuration/Fire             1
   Searing Ray                        Conjuration                  2
   Static Discharge                   Conjuration/Air              3
   Bolt of Draining                   Conjuration/Necromancy       5
   Bolt of Fire                       Conjuration/Fire             6
 p - Sif Muna's Volume of Ice
   (Sif Muna gifted it to you in the Dungeon)

   Spells                             Type                      Level
   *Throw Frost                       Conjuration/Ice              2
   *Ensorcelled Hibernation           Hexes/Ice                    2
   *Condensation Shield               Ice                          4
   Metabolic Englaciation             Hexes/Ice                    5
   *Bolt of Cold                      Conjuration/Ice              6
 x - a book of Changes

   Spells                             Type                      Level
   Beastly Appendage                  Transmutation                1
   Sticks to Snakes                   Transmutation                2
   Spider Form                        Transmutation/Poison         3
   Ice Form                           Ice/Transmutation            4
   Blade Hands                        Transmutation                5
 y - Sif Muna's Advanced Spellweaving
   (Sif Muna gifted it to you in the Dungeon)

   Spells                             Type                      Level
   Airstrike                          Air                          4
   Fulminant Prism                    Conjuration/Hexes            4
   Sticky Flame                       Conjuration/Fire             4
   Enslavement                        Hexes                        4
   Summon Guardian Golem              Hexes/Summoning              4
   Control Undead                     Necromancy                   4


   Skills:
 - Level 2.0 Dodging
 - Level 2.6 Stealth
 + Level 11.3 Spellcasting
 - Level 12.5 Conjurations
 - Level 7.7 Hexes
 - Level 12.8 Ice Magic


You had 4 spell levels left.
You knew the following spells:

 Your Spells              Type           Power        Failure   Level  Hunger
a - Freeze                Ice            ####         1%          1    None
b - Throw Frost           Conj/Ice       ######       1%          2    None
c - Ozocubu's Armour      Chrm/Ice       #####...     1%          3    None
d - Condensation Shield   Ice            ######....   1%          4    #......
e - Throw Icicle          Conj/Ice       ######..     1%          4    #......
f - Summon Ice Beast      Ice/Summ       #####...     4%          4    #......
g - Bolt of Cold          Conj/Ice       ######....   6%          6    ######.
h - Ensorcelled Hibernat  Hex/Ice        ######       1%          2    None
i - Flame Tongue          Conj/Fire      #####        1%          1    None


Dungeon Overview and Level Annotations

Branches:
Dungeon (1/1)

Altars:
Cheibriados
Dithmenos
Elyvilon
Fedhas
Gozag
Kikubaaqudgha
Makhleb
Nemelex Xobeh
Okawaru
Qazlal
Sif Muna
Trog
Vehumet
Xom
Yredelemnul
Zin
The Shining One
Beogh
Jiyva
Lugonu


Innate Abilities, Weirdness & Mutations

You cannot wear most types of armour.
You are amphibious.
You can wear up to eight rings at the same time.
You can use your tentacles to constrict many enemies at once.
Your skin changes colour to match your surroundings (Stealth).
Your rubbery body absorbs attacks (AC +1).


Message History

Your icy shield evaporates.
You see here a green rat corpse.
Your icy armour evaporates.
Casting: Bolt of Cold
Confirm with . or Enter, or press ? or * to list all spells.
Aiming: Bolt of Cold
Press: ? - help, Shift-Dir - straight line, f/p - crocodile
Aim: a crocodile (severely wounded)
The bolt of cold hits the crocodile.
You kill the crocodile!
The bolt of cold hits the crocodile.
You kill the crocodile!
The bolt of cold hits the six-headed hydra.
The six-headed hydra is heavily wounded.
You are near starving!
There is an open door here.
You close the door.
You start resting.
You are starving!
Are you sure you want to abandon this character and quit the game? (Confirm with "yes".)

▓▓▓▓▓▓▓▓▓▓▓▓▓▓▓▓▓▓▓▓▓▓▓▓
▓......@+.Dl..)...%...'.
▓.▓▓▓▓▓▓▓▓▓▓▓▓▓▓▓▓▓▓▓▓▓▓
▓.......................
▓▓▓▓▓▓▓▓▓▓▓▓▓▓▓▓▓▓▓▓▓▓▓▓
▓<)....%%....)%....'____
▓▓▓▓▓▓▓▓▓▓▓▓▓▓▓▓▓▓▓▓▓▓▓▓


There were no monsters in sight!

Vanquished Creatures
  2 hydras (D)
  A cyclops (D)
  A spiny frog (D)
  A black mamba (D)
  A troll (D)
  A hippogriff (D)
  2 crocodiles (D)
  A centaur (D)
  2 giant frogs (D)
  A scorpion (D)
  A hound (D)
  2 worker ants (D)
  An orc wizard (D)
  2 iguanas (D)
  3 adders (D)
  A green rat (D)
  A shadow imp (D)
  2 giant cockroaches (D)
  2 hobgoblins (D)
  A jackal (D)
  A ball python (D)
  A giant newt (D)
  A goblin (D)
  A goblin skeleton (D)
  A kobold (D)
34 creatures vanquished.

Vanquished Creatures (collateral kills)
  2 yaks (D)
2 creatures vanquished.

Vanquished Creatures (others)
  4 ice beasts (D)
4 creatures vanquished.

Grand Total: 40 creatures vanquished

Notes
Turn   | Place    | Note
--------------------------------------------------------------
     0 | D        | BluebellGnoll, the Octopode Ice Elementalist, began the quest for the Orb.
     0 | D        | Reached XP level 1. HP: 11/11 MP: 3/3
   342 | D        | Noticed an orc wizard
   346 | D        | Killed an orc wizard
   346 | D        | Reached skill level 5 in Spellcasting
   346 | D        | Reached XP level 2. HP: 17/17 MP: 0/9
   346 | D        | Reached XP level 3. HP: 21/21 MP: 0/11
   349 | D        | Reached skill level 6 in Spellcasting
   361 | D        | Found a glowing silver altar of Zin.
   361 | D        | Found a glowing golden altar of the Shining One.
   361 | D        | Found an ancient bone altar of Kikubaaqudgha.
   361 | D        | Found a basalt altar of Yredelemnul.
   361 | D        | Found a shimmering altar of Xom.
   361 | D        | Found a radiant altar of Vehumet.
   361 | D        | Found an iron altar of Okawaru.
   362 | D        | Found a burning altar of Makhleb.
   363 | D        | Found a deep blue altar of Sif Muna.
   364 | D        | Found a bloodstained altar of Trog.
   368 | D        | Learned a level 2 spell: Throw Frost
   372 | D        | Learned a level 3 spell: Ozocubu's Armour
   372 | D        | Found a sparkling altar of Nemelex Xobeh.
   373 | D        | Found a white marble altar of Elyvilon.
   374 | D        | Found a roughly hewn altar of Beogh.
   375 | D        | Found a viscous altar of Jiyva.
   376 | D        | Found a corrupted altar of Lugonu.
   377 | D        | Found a blossoming altar of Fedhas.
   378 | D        | Found a snail-covered altar of Cheibriados.
   379 | D        | Became a worshipper of Sif Muna the Loreminder
   380 | D        | Found a shadowy altar of Dithmenos.
   381 | D        | Found a stormy altar of Qazlal.
   382 | D        | Found an opulent altar of Gozag.
   443 | D        | Noticed a scorpion
   443 | D        | Noticed an iguana
   443 | D        | Noticed a worker ant
   444 | D        | Killed an iguana
   445 | D        | Reached XP level 4. HP: 27/27 MP: 10/15
   447 | D        | Killed a scorpion
   447 | D        | Acquired Sif Muna's first power
   447 | D        | Reached skill level 7 in Spellcasting
   447 | D        | Reached XP level 5. HP: 20/31 MP: 10/18
   448 | D        | Killed a worker ant
   448 | D        | Acquired Sif Muna's second power
   482 | D        | Learned a level 4 spell: Condensation Shield
   487 | D        | Learned a level 4 spell: Throw Icicle
   492 | D        | Learned a level 4 spell: Summon Ice Beast
   558 | D        | Noticed a worker ant
   558 | D        | Noticed a centaur
   558 | D        | Noticed a seven-headed hydra
   558 | D        | Noticed a yak
   558 | D        | Noticed a troll
   558 | D        | Noticed a cyclops
   561 | D        | Killed a worker ant
   561 | D        | Killed a centaur
   561 | D        | Reached skill level 8 in Ice Magic
   561 | D        | Reached XP level 6. HP: 36/36 MP: 21/21
   564 | D        | Killed a seven-headed hydra
   564 | D        | Acquired Sif Muna's third power
   564 | D        | Received a gift from Sif Muna
   564 | D        | Reached skill level 12 in Ice Magic
   564 | D        | Reached XP level 7. HP: 20/41 MP: 9/22
   564 | D        | Reached XP level 8. HP: 22/46 MP: 9/23
   565 | D        | Identified Sif Muna's Guide on Flamy Arcane Weapons (Sif Muna gifted it to you in the Dungeon)
   727 | D        | Learned a level 2 spell: Searing Ray
   736 | D        | Killed a yak
   736 | D        | Received a gift from Sif Muna
   737 | D        | Identified Sif Muna's Volume of Ice (Sif Muna gifted it to you in the Dungeon)
   751 | D        | Killed a troll
   944 | D        | Learned a level 2 spell: Ensorcelled Hibernation
   946 | D        | Learned a level 1 spell: Flame Tongue
   975 | D        | Killed a cyclops
   975 | D        | Reached skill level 10 in Spellcasting
   975 | D        | Reached skill level 10 in Conjurations
   975 | D        | Reached XP level 9. HP: 51/51 MP: 0/27
  1288 | D        | Noticed a yak
  1288 | D        | Noticed an iguana
  1288 | D        | Noticed a hippogriff
  1288 | D        | Noticed a spiny frog
  1288 | D        | Noticed a giant frog
  1288 | D        | Noticed a hound
  1292 | D        | Killed a yak
  1292 | D        | Received a gift from Sif Muna
  1299 | D        | Killed an iguana
  1303 | D        | Killed a hippogriff
  1305 | D        | Killed a giant frog
  1306 | D        | Killed a spiny frog
  1306 | D        | Reached skill level 5 in Hexes
  1306 | D        | Killed a hound
  1309 | D        | Noticed a seven-headed hydra
  1452 | D        | Killed a seven-headed hydra
  1452 | D        | Received a gift from Sif Muna
  1453 | D        | Identified Sif Muna's Advanced Spellweaving (Sif Muna gifted it to you in the Dungeon)
  1477 | D        | Learned a level 6 spell: Bolt of Cold
  1570 | D        | Noticed a black mamba
  1570 | D        | Noticed a giant frog
  1570 | D        | Noticed a crocodile
  1570 | D        | Noticed a crocodile
  1570 | D        | Noticed a six-headed hydra
  1570 | D        | Noticed a komodo dragon
  1578 | D        | Killed a black mamba
  1578 | D        | Reached XP level 10. HP: 28/56 MP: 21/29
  1578 | D        | Killed a giant frog
  1602 | D        | Killed a crocodile
  1602 | D        | Killed a crocodile
  1687 | D        | Quit the game

Action                   |  1- 3 |  4- 6 |  7- 9 | 10-12 || total
-------------------------+-------+-------+-------+-------++-------
Melee: Unarmed           |    11 |       |       |       ||    11
       Club              |     5 |       |       |       ||     5
       Scimitar          |       |     1 |       |       ||     1
 Cast: Freeze            |     8 |       |       |       ||     8
       Ozocubu's Armour  |     1 |       |     4 |       ||     5
       Throw Icicle      |       |     2 |    22 |       ||    24
       Summon Ice Beast  |       |       |     5 |       ||     5
       Condensation Shie |       |       |     4 |       ||     4
       Ensorcelled Hiber |       |       |     1 |       ||     1
       Throw Frost       |       |       |     3 |       ||     3
       Bolt of Cold      |       |       |       |     4 ||     4
Invok: Channel Energy    |       |       |     3 |       ||     3
       Forget Spell      |       |       |     1 |       ||     1
Evoke: Wand              |     1 |     6 |     3 |       ||    10
  Use: Potion            |     2 |       |     1 |     1 ||     4
       Scroll            |       |       |     1 |       ||     1
  Eat: Chunk             |       |       |     1 |       ||     1
       Bread ration      |       |       |     1 |       ||     1
